 Dungeon Crawl Stone Soup version 0.31.0-9-g3a7656b989 (webtiles) character file.

Game seed: 17342108367296320052

100 qw the Shooter (level 4, -2/22 HPs)
             Began as a Spriggan Hunter on Feb 2, 2024.
             Slain by Robin
             ... wielding a +0 mace
              (4 damage)
             ... on level 3 of the Dungeon.
             The game lasted 00:00:06 (1725 turns).

qw the Shooter (Spriggan Hunter)                    Turns: 1725, Time: 00:00:07

Health: -2/22      AC:  2    Str: 13    XL:     4   Next: 47%
Magic:  0/5        EV: 20    Int: 10    God:
Gold:   155        SH:  0    Dex: 20    Spells: 3/3 levels left

rFire   . . .        a - +0 shortbow
rCold   . . .        (shield currently unavailable)
rNeg    . . .        c - +0 robe
rPois   .            (helmet restricted)
rElec   .            (no cloak)
rCorr   .            (gloves unavailable)
SInv    +            (boots unavailable)
Will    .....        l - amulet of guardian spirit
Stlth   ++           b - +6 ring of strength
HPRegen 0.23/turn    (no ring)
MPRegen 0.09/turn

%: guardian spirit
@: lethally poisoned (-2 -> -17), very quick
A: very small, no large weapons, unfitting armour, see invisible, speed 3
a: no special abilities


You were on level 3 of the Dungeon.
You visited 1 branch of the dungeon, and saw 3 of its levels.

You collected 155 gold pieces.


Innate Abilities, Weirdness & Mutations

You are very small and have problems with some larger weapons.
You are too small for most types of armour.
You have supernaturally acute eyesight. (SInv)
You cover ground extremely quickly. (Speed+++)


   Skills:
 + Level 1.6 Fighting
 - Level 5.0 Ranged Weapons
 - Level 5.0 Dodging
 - Level 1.5 Stealth


You had 3 spell levels left.
You didn't know any spells.
Your spell library was empty.

Inventory:

Hand Weapons
 a - a +0 shortbow (weapon)
Armour
 c - a +0 robe (worn)
Jewellery
 b - a +6 ring of strength (left hand)
 l - an amulet of guardian spirit (around neck)
Scrolls
 d - a scroll of amnesia {unknown}
 f - a scroll of noise {unknown}
Potions
 e - a potion of attraction {unknown}
 g - a potion of might
 h - 2 potions of curing
 j - a potion of cancellation {unknown}
 m - a potion of enlightenment {unknown}

Dungeon Overview and Level Annotations

Branches:
Dungeon (3/15)

Altars:

Shops:
D:2 [

Annotations:
D:3 Robin


Message History

The hobgoblin shouts!
The goblin shouts!
The goblin misses you. Robin throws the goblin at you!
You shoot an arrow. The arrow hits the goblin.
You kill the goblin!
The goblin hits you with a +0 club.
You shoot an arrow. The arrow hits the goblin!
You kill the goblin!
You shoot an arrow. The arrow hits the goblin.
The goblin is heavily wounded.
The goblin hits you with a +0 club. The goblin completely misses you.
You shoot an arrow. The arrow hits the goblin!
You kill the goblin!
Your Dodging skill increases to level 5!
You shoot an arrow. The arrow closely misses the goblin.
The goblin barely misses you. The goblin misses you.
Robin throws the goblin at you!
The goblin hits you with a +2 dagger of venom.
You are poisoned.
You shoot an arrow. The arrow hits the goblin.
You kill the goblin!
You feel very sick.
Robin roars a battlecry!
The goblins go into a battle-frenzy!
The goblin completely misses you. The goblin misses you.
The hobgoblin misses you. The goblin closely misses you. x2
You shoot an arrow. The arrow hits the hobgoblin!
You kill the hobgoblin!
You feel sick. The goblin misses you. x2
You shoot an arrow. The arrow hits Robin!
Robin is heavily wounded.
You feel sick. The goblin completely misses you.
The goblin hits you with a +0 club. Robin misses you.
You shoot an arrow. The arrow hits Robin!
Robin is almost dead.
You feel sick.
The goblin hits you with a +2 dagger of venom.
You are more poisoned.
The goblin hits you with a +0 club. Robin hits you with a +0 mace.
You die...
Robin says, "And that's why I'm the boss."

#.....# ####.#####......
#.....#######.......##......
#.....#....##.#.....##......
#.?...#.##.##.#.....##......
#.......##....#.....##......
#...%......####.....##......
#......###.# #.....########
###.##....g####.....# #.
####..@gg####### ..
#.##g...# ... ... ....# ...
#.#. ....# #.#. ..).# # #.
)).)# #. ....# ## ....#


You could see Robin and 3 goblins.

Vanquished Creatures
  2 adders
  A dart slug (D:1)
  3 ribbon worms (D:2)
  7 bats
  8 endoplasms
  12 goblins
  11 hobgoblins
  3 quokkas
  8 ball pythons
  4 kobolds
  5 rats
64 creatures vanquished.

Notes
Turn   | Place    | Note
-------+----------+-------------------------------------------
     0 | D:1      | qw the Spriggan Hunter began the quest for the Orb.
     0 | D:1      | Reached XP level 1. HP: 10/10 MP: 2/2
     0 | D:1      | 0 ||| qw: Version: 0.3-a-155-g5e7d8dd
     0 | D:1      | 0 ||| qw: Game counter: 36
     0 | D:1      | 0 ||| qw: Melee chars always use a shield: true
     0 | D:1      | 0 ||| qw: God list: Okawaru
     0 | D:1      | 0 ||| qw: Allow faded altars: false
     0 | D:1      | 0 ||| qw: Do Orc after clearing Dungeon:15 true
     0 | D:1      | 0 ||| qw: Do second Lair branch before Depths: true
     0 | D:1      | 0 ||| qw: Lair rune preference: random
     0 | D:1      | 0 ||| qw: Goals: Normal
     0 | D:1      | 0 ||| PLANNING D:1-11
    56 | D:1      | Reached skill level 3 in Dodging
   100 | D:1      | Reached XP level 2. HP: 14/14 MP: 3/3
   377 | D:1      | Reached XP level 3. HP: 18/18 MP: 4/4
   542 | D:1      | 542 ||| DROPPING ring of flight.
   543 | D:1      | 543 ||| READING scroll labelled ZOSHRU TASH.
   546 | D:1      | 546 ||| READING scroll labelled OWUFIU VIWEF.
   546 | D:1      | 546 ||| IDENTIFYING sapphire potion
   547 | D:1      | 547 ||| READING scroll labelled QUNWICI NANI.
   547 | D:1      | 547 ||| ENCHANTING +0 shortbow.
   548 | D:1      | 548 ||| READING scroll labelled LUEDUMU XABUID.
   649 | D:1      | 649 ||| DRINKING 3 cyan potions.
   650 | D:1      | 650 ||| DROPPING scroll of butterflies.
   843 | D:2      | 843 ||| FLEEEEING.
   846 | D:2      | 846 ||| FLEEEEING.
   997 | D:2      | Reached XP level 4. HP: 22/22 MP: 5/5
  1053 | D:2      | Found Liohied's Antique Armour Boutique.
  1359 | D:2      | 1359 ||| DROPPING scarf of harm.
  1360 | D:2      | 1360 ||| UPGRADING to amulet of guardian spirit.
  1365 | D:2      | 1365 ||| UPGRADING to +6 ring of strength.
  1366 | D:2      | 1366 ||| READING scroll of identify.
  1366 | D:2      | 1366 ||| IDENTIFYING yellow potion
  1367 | D:2      | 1367 ||| READING 2 scrolls labelled IDWOUW CUTROVIAS.
  1368 | D:2      | 1368 ||| READING scroll labelled VOFRIO MEFIED.
  1469 | D:2      | 1469 ||| DROPPING scroll of blinking.
  1470 | D:2      | 1470 ||| DROPPING potion of degeneration.
  1713 | D:3      | Noticed Robin
  1725 | D:3      | HP: 5/22 [poisoned by a goblin]
  1725 | D:3      | HP: 2/22 [goblin/+0 club[Robin] (1)]
  1725 | D:3      | Slain by Robin

Levels and vault maps discovered:
D:1:      eino_arrival_water_cross, layout_rooms, chequers_garden,
          kennysheep_small_spiral
D:2:      layout_basic, serial_shops, shop, minmay_pentomino_w4
D:3:      layout_basic, uniq_robin

Skill      XL: |  1  2  3  4 |
---------------+-------------+-----
Dodging        | 3 4 5 |  5.0
Ranged Weapons | 5 |  5.0
Fighting       | |  1.6
Stealth        | |  1.5

Action                     |  1- 3 |  4- 6 || total
---------------------------+-------+-------++-------
   Fire: Shortbow          |   116 |    43 ||   159
    Use: Scroll            |     4 |     3 ||     7
         Potion            |     1 |       ||     1
 Armour: Robe              |     7 |    15 ||    22
  Dodge: Dodged            |    39 |    19 ||    58

Table legend:
 A = Non-vault XP
 B = Vault XP
 C = Vault XP percentage of total XP
 D = Non-vault monster count
 E = Vault monster count
 F = Vault count percentage of total count
                 A         B        C        D         E       F
            +---------+---------+-------+---------+---------+-------
      Total |     104 |      40 |  27.8 |      49 |      15 |  23.4
            +---------+---------+-------+---------+---------+-------
        D:1 |      52 |       0 |   0.0 |      29 |       0 |   0.0
        D:2 |      31 |      26 |  45.6 |      14 |       7 |  33.3
        D:3 |      21 |      14 |  40.0 |       6 |       8 |  57.1
            +---------+---------+-------+---------+---------+-------
